[ AOE2 MATCH · #505029632 ]
UnrankedSpanish vs Chinese
Player's team · LOSS
Rival team · WIN
[ REPLAY ANALYSIS · EXTRACTED FROM THE RECORDED GAME ]
Feudal
11:34
Castle
21:46
Imperial
49:15
| APM avg | 84.5 |
| APM peak | 150 |
| eAPM avg | 33.9 |
| Villagers / military | 118 / 151 |
Focus
⚔️ 39.2% · 🌾 60.8%
Knight ×43 · Conquistador ×39 · Hand Cannoneer ×37 · Skirmisher ×8 · Missionary ×5 · Monk ×4
Feudal
8:43
Castle
19:56
Imperial
48:19
| APM avg | 77.9 |
| APM peak | 159 |
| eAPM avg | 56.6 |
| Villagers / military | 222 / 283 |
Focus
⚔️ 64.1% · 🌾 35.9%
Fire Lancer ×212 · Battering Ram ×34 · Archer ×26 · Spearman ×7 · Monk ×3 · Iron Pagoda ×1
Match map
Initial resources + every placement click. Lines = walls · curves = elevation contours. ◆ gold · ⬟ stone · ● berries · ✦ relic · ◌ wall gap
Your base· ✓ Closed at 21:46 · 69t walls · no gate
YouAreNotA'Person''s base· ✓ Closed at 19:56 · 107t walls · 1 gate(s)
Smoothed initial terrain · ◌ = detected wall gap · hover for details
Inputs per minute
— Gil-galad - - YouAreNotA'Person'
Build order — Gil-galad
First 150 of 409 actions detected
| 0:00 | Create | Villager (Male) |
| 0:00 | Create | Villager (Male) |
| 0:00 | Create | Villager (Male) |
| 0:01 | Create | Villager (Male) |
| 0:02 | Build | House |
| 0:02 | Build | House |
| 1:25 | Create | Villager (Male) |
| 1:26 | Create | Villager (Male) |
| 1:47 | Create | Villager (Male) |
| 1:48 | Create | Villager (Male) |
| 1:57 | Build | Lumber Camp |
| 2:22 | Create | Villager (Male) |
| 2:22 | Create | Villager (Male) |
| 2:48 | Create | Villager (Male) |
| 2:50 | Create | Villager (Male) |
| 2:50 | Create | Villager (Male) |
| 3:26 | Create | Villager (Male) |
| 3:43 | Create | Villager (Male) |
| 3:43 | Create | Villager (Male) |
| 4:13 | Build | House |
| 4:37 | Create | Villager (Male) |
| 4:37 | Create | Villager (Male) |
| 4:37 | Create | Villager (Male) |
| 4:38 | Create | Villager (Male) |
| 4:46 | Build | Barracks |
| 4:47 | Build | Palisade Wall |
| 4:59 | Create | Villager (Male) |
| 5:11 | Build | Palisade Wall |
| 5:13 | Build | Palisade Wall |
| 5:25 | Create | Villager (Male) |
| 5:58 | Create | Militia |
| 5:58 | Create | Militia |
| 6:09 | Build | Mill |
| 6:13 | Create | Militia |
| 6:20 | Build | House |
| 6:24 | Create | Villager (Male) |
| 6:42 | Create | Villager (Male) |
| 6:49 | Build | Palisade Wall |
| 6:59 | Create | Villager (Male) |
| 7:16 | Create | Villager (Male) |
| 7:22 | Build | House |
| 7:34 | Create | Villager (Male) |
| 8:02 | Build | Palisade Wall |
| 8:10 | Build | Palisade Wall |
| 8:12 | Build | Palisade Wall |
| 8:14 | Build | Palisade Wall |
| 8:18 | Build | Palisade Wall |
| 8:55 | Research | Loom |
| 9:21 | Build | Palisade Wall |
| 9:22 | Build | Palisade Wall |
| 9:24 | Research | Feudal Age |
| 9:45 | Build | Palisade Wall |
| 10:03 | Create | Villager (Male) |
| 10:08 | Build | Lumber Camp |
| 10:13 | Build | Palisade Wall |
| 10:18 | Build | Palisade Wall |
| 10:31 | Build | Palisade Gate |
| 10:33 | Build | Palisade Wall |
| 10:57 | Build | Palisade Wall |
| 11:01 | Build | Palisade Wall |
| 11:07 | Create | Villager (Male) |
| 11:18 | Build | Palisade Wall |
| 11:34 | Create | Villager (Male) |
| 11:34 | Age | Feudal Age |
| 11:39 | Build | Archery Range |
| 11:41 | Research | Horse Collar |
| 11:42 | Research | Double-Bit Axe |
| 11:43 | Create | Villager (Male) |
| 12:01 | Build | Farm |
| 12:12 | Build | Farm |
| 12:23 | Create | Villager (Male) |
| 12:24 | Create | Skirmisher |
| 12:31 | Build | Farm |
| 12:41 | Create | Villager (Male) |
| 12:43 | Build | Farm |
| 12:44 | Create | Skirmisher |
| 12:55 | Build | House |
| 12:57 | Build | Farm |
| 13:08 | Create | Skirmisher |
| 13:18 | Build | Farm |
| 13:21 | Build | Farm |
| 13:22 | Create | Villager (Male) |
| 13:33 | Build | Blacksmith |
| 13:42 | Build | Farm |
| 13:45 | Build | House |
| 13:49 | Build | Palisade Wall |
| 13:51 | Build | Palisade Wall |
| 13:54 | Build | House |
| 13:57 | Create | Skirmisher |
| 14:09 | Research | Fletching |
| 14:13 | Create | Skirmisher |
| 14:37 | Create | Villager (Male) |
| 14:45 | Build | Farm |
| 14:47 | Build | Farm |
| 14:49 | Build | Farm |
| 14:51 | Build | Farm |
| 15:08 | Create | Villager (Male) |
| 15:09 | Create | Skirmisher |
| 15:16 | Build | Stable |
| 15:21 | Create | Villager (Male) |
| 15:31 | Build | Farm |
| 15:34 | Build | Farm |
| 15:45 | Research | Padded Archer Armor |
| 15:51 | Build | Farm |
| 15:53 | Build | Farm |
| 15:58 | Create | Villager (Male) |
| 16:03 | Create | Skirmisher |
| 16:06 | Create | Spearman |
| 16:19 | Create | Villager (Male) |
| 16:21 | Build | Farm |
| 16:30 | Create | Skirmisher |
| 16:58 | Create | Villager (Male) |
| 17:03 | Build | Market |
| 17:08 | Build | Market |
| 17:10 | Build | Palisade Wall |
| 17:12 | Create | Villager (Male) |
| 17:31 | Build | House |
| 17:33 | Build | House |
| 17:54 | Build | Palisade Wall |
| 17:58 | Build | Mining Camp |
| 17:58 | Create | Villager (Male) |
| 18:26 | Create | Villager (Male) |
| 18:35 | Build | Palisade Wall |
| 18:36 | Build | Palisade Wall |
| 18:58 | Build | Palisade Wall |
| 19:04 | Research | Castle Age |
| 19:28 | Build | Stable |
| 19:45 | Research | Scale Barding Armor |
| 20:16 | Research | Bloodlines |
| 20:20 | Build | Stable |
| 20:32 | Research | Gold Mining |
| 20:40 | Research | Forging |
| 20:40 | Research | Forging |
| 21:09 | Build | House |
| 21:10 | Build | House |
| 21:12 | Build | House |
| 21:14 | Build | House |
| 21:18 | Create | Villager (Male) |
| 21:24 | Build | House |
| 21:46 | Age | Castle Age |
| 21:49 | Create | Knight |
| 21:49 | Create | Knight |
| 21:54 | Create | Villager (Male) |
| 22:38 | Create | Villager (Male) |
| 22:40 | Create | Knight |
| 22:41 | Create | Knight |
| 22:44 | Create | Villager (Male) |
| 22:52 | Build | Monastery |
| 23:03 | Create | Knight |
| 23:03 | Create | Knight |
Build order — YouAreNotA'Person'
First 150 of 862 actions detected
| 0:00 | Research | Loom |
| 0:45 | Create | Villager (Male) |
| 1:10 | Create | Villager (Male) |
| 1:37 | Create | Villager (Male) |
| 1:50 | Build | Lumber Camp |
| 2:02 | Create | Villager (Male) |
| 2:25 | Create | Villager (Male) |
| 2:56 | Create | Villager (Male) |
| 3:18 | Build | House |
| 3:19 | Create | Villager (Male) |
| 3:36 | Create | Villager (Male) |
| 3:55 | Create | Villager (Male) |
| 4:06 | Create | Villager (Male) |
| 4:19 | Create | Villager (Male) |
| 4:34 | Build | Mill |
| 4:43 | Create | Villager (Male) |
| 5:21 | Create | Villager (Male) |
| 5:59 | Build | House |
| 6:33 | Research | Feudal Age |
| 6:48 | Build | Mining Camp |
| 7:06 | Create | Villager (Male) |
| 7:20 | Build | Palisade Wall |
| 7:21 | Build | Palisade Wall |
| 7:51 | Build | Barracks |
| 7:55 | Build | Barracks |
| 8:25 | Build | Palisade Wall |
| 8:27 | Build | Palisade Wall |
| 8:28 | Build | Palisade Wall |
| 8:29 | Build | Palisade Wall |
| 8:43 | Age | Feudal Age |
| 8:53 | Research | Double-Bit Axe |
| 9:12 | Create | Villager (Male) |
| 9:16 | Build | Archery Range |
| 9:21 | Create | Villager (Male) |
| 9:28 | Build | House |
| 9:29 | Build | Palisade Wall |
| 9:39 | Create | Villager (Male) |
| 9:42 | Build | Mill |
| 10:02 | Create | Archer |
| 10:11 | Create | Villager (Male) |
| 10:23 | Create | Archer |
| 10:26 | Build | House |
| 10:29 | Build | Palisade Wall |
| 10:35 | Create | Villager (Male) |
| 10:36 | Build | Farm |
| 10:37 | Build | Farm |
| 10:44 | Create | Spearman |
| 10:55 | Build | Farm |
| 10:59 | Build | House |
| 11:03 | Create | Villager (Male) |
| 11:11 | Create | Archer |
| 11:14 | Build | Farm |
| 11:28 | Build | Palisade Wall |
| 11:30 | Build | Palisade Wall |
| 11:33 | Build | Palisade Wall |
| 11:34 | Build | Palisade Wall |
| 11:35 | Build | Palisade Wall |
| 11:40 | Create | Villager (Male) |
| 11:41 | Create | Archer |
| 11:48 | Create | Villager (Male) |
| 12:14 | Create | Villager (Male) |
| 12:22 | Create | Archer |
| 12:26 | Build | Farm |
| 12:27 | Build | Farm |
| 12:27 | Create | Villager (Male) |
| 12:46 | Build | House |
| 12:48 | Build | Palisade Wall |
| 12:51 | Build | Farm |
| 12:52 | Create | Archer |
| 12:54 | Build | House |
| 13:31 | Create | Villager (Male) |
| 13:31 | Create | Archer |
| 13:32 | Build | Farm |
| 13:45 | Create | Villager (Male) |
| 13:49 | Create | Villager (Male) |
| 13:51 | Build | Blacksmith |
| 13:54 | Build | Palisade Wall |
| 14:09 | Build | Palisade Wall |
| 14:12 | Create | Villager (Male) |
| 14:13 | Build | Farm |
| 14:29 | Create | Archer |
| 14:31 | Create | Villager (Male) |
| 14:37 | Build | House |
| 14:38 | Research | Fletching |
| 14:54 | Create | Villager (Male) |
| 14:57 | Build | Farm |
| 14:59 | Build | Farm |
| 15:08 | Create | Villager (Male) |
| 15:18 | Create | Archer |
| 15:19 | Create | Villager (Male) |
| 15:26 | Create | Villager (Male) |
| 15:28 | Build | Farm |
| 15:43 | Create | Archer |
| 15:51 | Create | Archer |
| 15:56 | Build | House |
| 15:56 | Create | Villager (Male) |
| 16:07 | Build | House |
| 16:08 | Build | Palisade Wall |
| 16:28 | Build | House |
| 16:29 | Build | Palisade Wall |
| 16:54 | Build | Farm |
| 17:01 | Create | Archer |
| 17:10 | Research | Castle Age |
| 17:13 | Build | Palisade Wall |
| 17:13 | Build | Palisade Wall |
| 17:14 | Build | Palisade Wall |
| 17:16 | Build | Palisade Wall |
| 17:17 | Build | Palisade Wall |
| 17:18 | Build | Palisade Wall |
| 17:18 | Build | Palisade Wall |
| 17:20 | Build | Palisade Wall |
| 17:21 | Build | Palisade Wall |
| 17:22 | Build | Palisade Wall |
| 17:22 | Build | Palisade Wall |
| 17:22 | Build | Palisade Wall |
| 17:39 | Research | Horse Collar |
| 17:39 | Research | Horse Collar |
| 17:41 | Create | Archer |
| 18:07 | Build | Palisade Gate |
| 18:15 | Create | Archer |
| 18:20 | Create | Villager (Male) |
| 18:28 | Build | Palisade Wall |
| 18:40 | Create | Archer |
| 18:46 | Research | Padded Archer Armor |
| 18:48 | Create | Villager (Male) |
| 18:51 | Build | Palisade Wall |
| 18:52 | Build | Palisade Wall |
| 18:52 | Build | Palisade Wall |
| 18:52 | Build | Palisade Wall |
| 18:55 | Build | Palisade Wall |
| 18:57 | Build | Palisade Wall |
| 19:02 | Build | Palisade Wall |
| 19:03 | Build | Palisade Wall |
| 19:04 | Build | Palisade Wall |
| 19:20 | Create | Archer |
| 19:35 | Build | Lumber Camp |
| 19:56 | Age | Castle Age |
| 19:58 | Research | Bodkin Arrow |
| 19:58 | Research | Crossbowman (upgrade) |
| 19:59 | Research | Bow Saw |
| 20:02 | Create | Villager (Male) |
| 20:05 | Build | Siege Workshop |
| 20:10 | Build | Siege Workshop |
| 20:14 | Create | Villager (Male) |
| 20:27 | Create | Villager (Male) |
| 20:36 | Research | Leather Archer Armor |
| 20:37 | Create | Iron Pagoda |
| 20:40 | Create | Archer |
| 21:01 | Create | Villager (Male) |
| 21:05 | Create | Archer |
Match timeline
| 4:46 | Gil-galad · first_building Barracks |
| 4:47 | Gil-galad · wall_segment Palisade Wall x1 |
| 5:11 | Gil-galad · wall_segment Palisade Wall x1 |
| 5:13 | Gil-galad · wall_segment Palisade Wall x1 |
| 6:49 | Gil-galad · wall_segment Palisade Wall x3 |
| 7:20 | YouAreNotA'Person' · wall_segment Palisade Wall x1 |
| 7:21 | YouAreNotA'Person' · wall_segment Palisade Wall x1 |
| 7:51 | YouAreNotA'Person' · first_building Barracks |
| 8:02 | Gil-galad · wall_segment Palisade Wall x1 |
| 8:10 | Gil-galad · wall_segment Palisade Wall x1 |
| 8:12 | Gil-galad · wall_segment Palisade Wall x1 |
| 8:14 | Gil-galad · wall_segment Palisade Wall x1 |
| 8:18 | Gil-galad · wall_segment Palisade Wall x1 |
| 8:25 | YouAreNotA'Person' · wall_segment Palisade Wall x1 |
| 8:27 | YouAreNotA'Person' · wall_segment Palisade Wall x1 |
| 8:28 | YouAreNotA'Person' · wall_segment Palisade Wall x1 |
| 8:29 | YouAreNotA'Person' · wall_segment Palisade Wall x1 |
| 8:43 | YouAreNotA'Person' · age_up feudal |
| 9:16 | YouAreNotA'Person' · first_building Archery Range |
| 9:21 | Gil-galad · wall_segment Palisade Wall x1 |
| 9:22 | Gil-galad · wall_segment Palisade Wall x1 |
| 9:29 | YouAreNotA'Person' · wall_segment Palisade Wall x6 |
| 9:45 | Gil-galad · wall_segment Palisade Wall x11 |
| 10:13 | Gil-galad · wall_segment Palisade Wall x4 |
| 10:18 | Gil-galad · wall_segment Palisade Wall x7 |
| 10:29 | YouAreNotA'Person' · wall_segment Palisade Wall x16 |
| 10:33 | Gil-galad · wall_segment Palisade Wall x7 |
| 10:57 | Gil-galad · wall_segment Palisade Wall x1 |
| 11:01 | Gil-galad · wall_segment Palisade Wall x2 |
| 11:18 | Gil-galad · wall_segment Palisade Wall x3 |
| 11:28 | YouAreNotA'Person' · wall_segment Palisade Wall x10 |
| 11:30 | YouAreNotA'Person' · wall_segment Palisade Wall x2 |
| 11:33 | YouAreNotA'Person' · wall_segment Palisade Wall x1 |
| 11:34 | Gil-galad · age_up feudal |
| 11:34 | YouAreNotA'Person' · wall_segment Palisade Wall x5 |
| 11:35 | YouAreNotA'Person' · wall_segment Palisade Wall x5 |
| 11:39 | Gil-galad · first_building Archery Range |
| 12:48 | YouAreNotA'Person' · wall_segment Palisade Wall x7 |
| 13:49 | Gil-galad · wall_segment Palisade Wall x1 |
| 13:51 | Gil-galad · wall_segment Palisade Wall x1 |
| 13:54 | YouAreNotA'Person' · wall_segment Palisade Wall x8 |
| 14:09 | YouAreNotA'Person' · wall_segment Palisade Wall x12 |
| 15:16 | Gil-galad · first_building Stable |
| 16:08 | YouAreNotA'Person' · wall_segment Palisade Wall x5 |
| 16:29 | YouAreNotA'Person' · wall_segment Palisade Wall x7 |
| 17:10 | Gil-galad · wall_segment Palisade Wall x6 |
| 17:13 | YouAreNotA'Person' · wall_segment Palisade Wall x1 |
| 17:13 | YouAreNotA'Person' · wall_segment Palisade Wall x1 |
| 17:14 | YouAreNotA'Person' · wall_segment Palisade Wall x1 |
| 17:16 | YouAreNotA'Person' · wall_segment Palisade Wall x1 |
| 17:17 | YouAreNotA'Person' · wall_segment Palisade Wall x1 |
| 17:18 | YouAreNotA'Person' · wall_segment Palisade Wall x1 |
| 17:18 | YouAreNotA'Person' · wall_segment Palisade Wall x1 |
| 17:20 | YouAreNotA'Person' · wall_segment Palisade Wall x1 |
| 17:21 | YouAreNotA'Person' · wall_segment Palisade Wall x1 |
| 17:22 | YouAreNotA'Person' · wall_segment Palisade Wall x1 |
| 17:22 | YouAreNotA'Person' · wall_segment Palisade Wall x1 |
| 17:22 | YouAreNotA'Person' · wall_segment Palisade Wall x1 |
| 17:54 | Gil-galad · wall_segment Palisade Wall x6 |
| 18:28 | YouAreNotA'Person' · wall_segment Palisade Wall x9 |
| 18:35 | Gil-galad · wall_segment Palisade Wall x1 |
| 18:36 | Gil-galad · wall_segment Palisade Wall x5 |
| 18:48 | Gil-galad · first_market_sell 100 wood |
| 18:51 | YouAreNotA'Person' · wall_segment Palisade Wall x1 |
| 18:52 | YouAreNotA'Person' · wall_segment Palisade Wall x1 |
| 18:52 | YouAreNotA'Person' · wall_segment Palisade Wall x1 |
| 18:52 | YouAreNotA'Person' · wall_segment Palisade Wall x1 |
| 18:55 | YouAreNotA'Person' · wall_segment Palisade Wall x11 |
| 18:57 | YouAreNotA'Person' · wall_segment Palisade Wall x11 |
| 18:58 | Gil-galad · wall_segment Palisade Wall x2 |
| 19:02 | YouAreNotA'Person' · wall_segment Palisade Wall x1 |
| 19:03 | YouAreNotA'Person' · wall_segment Palisade Wall x1 |
| 19:04 | YouAreNotA'Person' · wall_segment Palisade Wall x1 |
| 19:56 | YouAreNotA'Person' · age_up castle |
| 20:05 | YouAreNotA'Person' · first_building Siege Workshop |
| 21:46 | Gil-galad · age_up castle |
| 22:07 | Gil-galad · first_market_buy 100 wood |
| 22:52 | Gil-galad · first_building Monastery |
| 23:42 | Gil-galad · wall_segment Palisade Wall x5 |
| 23:43 | Gil-galad · wall_segment Palisade Wall x6 |
| 24:26 | YouAreNotA'Person' · first_building Monastery |
| 24:38 | Gil-galad · first_building Siege Workshop |
| 26:55 | YouAreNotA'Person' · first_market_buy 100 food |
| 27:26 | YouAreNotA'Person' · wall_segment Stone Wall x6 |
| 28:20 | YouAreNotA'Person' · wall_segment Stone Wall x1 |
| 28:21 | YouAreNotA'Person' · wall_segment Stone Wall x1 |
| 29:40 | Gil-galad · first_building Castle |
| 29:50 | YouAreNotA'Person' · wall_segment Stone Wall x1 |
| 33:38 | YouAreNotA'Person' · wall_segment Stone Wall x1 |
| 35:22 | YouAreNotA'Person' · wall_segment Stone Wall x10 |
| 35:40 | YouAreNotA'Person' · wall_segment Stone Wall x1 |
| 39:14 | YouAreNotA'Person' · wall_segment Stone Wall x1 |
| 40:42 | YouAreNotA'Person' · first_market_sell 100 food |
| 42:49 | YouAreNotA'Person' · wall_segment Stone Wall x13 |
| 46:04 | YouAreNotA'Person' · wall_segment Stone Wall x22 |
| 47:57 | YouAreNotA'Person' · wall_segment Stone Wall x7 |
| 47:57 | YouAreNotA'Person' · wall_segment Stone Wall x2 |
| 47:57 | YouAreNotA'Person' · wall_segment Stone Wall x1 |
| 48:01 | YouAreNotA'Person' · wall_segment Stone Wall x1 |
| 48:03 | YouAreNotA'Person' · wall_segment Stone Wall x4 |
| 48:09 | YouAreNotA'Person' · wall_segment Stone Wall x1 |
| 48:14 | YouAreNotA'Person' · wall_segment Stone Wall x1 |
| 48:17 | YouAreNotA'Person' · wall_segment Stone Wall x6 |
| 48:19 | YouAreNotA'Person' · age_up imperial |
| 49:15 | Gil-galad · age_up imperial |
| 50:26 | YouAreNotA'Person' · wall_segment Stone Wall x1 |
| 50:57 | YouAreNotA'Person' · first_building Castle |
| 55:06 | Gil-galad · resign |
[ AI ANALYSIS · 1 CREDIT ]
What really happened in this match?
Wolo.gg analyzes every decision: build order, eco, micro, common mistakes by bracket. Personalized analysis on WhatsApp or Discord in 30 seconds.
Civ guide
Spanish
Perfil
Jugador #322559